 Dungeon Crawl Stone Soup version 0.31-a0-971-g75a2e9a4b4 (webtiles) character file.

Game seed: 6713618033404653690

266 timneilson the Ruffian (level 6, -2/48 (51) HPs)
             Began as a Draconian Shapeshifter on Oct 28, 2023.
             Was an Initiate of Qazlal.
             Slain by a wight
             ... wielding a +3 hand axe
              (4 damage)
             ... in the Ecumenical Temple.
             The game lasted 00:09:45 (2897 turns).

timneilson the Ruffian (Draconian Shapeshifter)     Turns: 2897, Time: 00:09:46

HP:   -2/48 (51)    AC:  6    Str: 18    XL:     6   Next: 0%
MP:   6/6           EV: 12    Int: 11    God:    Qazlal [......]
Gold: 1118          SH:  0    Dex: 10    Spells: 5/5 levels left

rFire   . .          .
                       - Unarmed
rCold   . . .        (no shield)
rNeg    . . .        (body armour unavailable)
rPois   .            (helmet currently unavailable)
rElec   .            (cloak currently unavailable)
rCorr   .            (gloves currently unavailable)
SInv    .            (boots currently unavailable)
Will    .....        (no amulet)
Stlth   +            (no ring)
HPRegen 0.28/turn    (no ring)
MPRegen 0.10/turn

%: no passive effects
@: beast-form, drained
A: beast (slay +2), AC +6, unfitting armour, cold-blooded
a: Begin Untransformation, Renounce Religion


You were in the Ecumenical Temple.
You worshipped Qazlal.
Qazlal was noncommittal.
You were a hulking beast.
You visited 2 branches of the dungeon, and saw 5 of its levels.

You collected 1118 gold pieces.

Inventory:

Jewellery
 k - a ring of fire
Talismans
 b - a beast talisman
 c - a flux talisman
 n - a blade talisman
Scrolls
 d - 2 scrolls of teleportation
 g - 2 scrolls of immolation
Potions
 a - 2 potions of lignification
 e - a potion of brilliance
 f - 2 potions of magic
 h - a potion of haste
 i - 3 potions of curing
 j - a potion of enlightenment {unknown}
 l - a potion of might {unknown}


   Skills:
 * Level 3.5 Fighting
 + Level 2.8 Dodging
 * Level 4.3 Unarmed Combat
 * Level 4.1 Shapeshifting


You had 5 spell levels left.
You didn't know any spells.
Your spell library contained the following spells:

 Spells                   Type           Power      Damage    Failure   Level
 Sandblast                Erth           0%         2d4       34%         1
 Passwall                 Tmut/Erth      0%         N/A       47%         2
 Scorch                   Fire           0%         2d5       47%         2
 Call Canine Familiar     Summ           0%         N/A       71%         3
 Frozen Ramparts          Ice            0%         1d1       71%         3
 Hailstorm                Conj/Ice       0%         3d3       71%         3
 Sigil of Binding         Hex            0%         N/A       71%         3
 Stone Arrow              Conj/Erth      0%         3d7       71%         3
 Brom's Barrelling Bould  Conj/Erth      0%         2d3       98%         4
 Dimensional Bullseye     Hex/Tloc       0%         N/A       98%         4
 Flame Wave               Conj/Fire      0%         2d4       98%         4
 Leda's Liquefaction      Hex/Erth       0%         N/A       98%         4
 Petrify                  Tmut/Erth      0%         N/A       98%         4
 Summon Ice Beast         Ice/Summ       0%         N/A       98%         4
 Metabolic Englaciation   Hex/Ice        0%         N/A       100%        5
 Simulacrum               Ice/Necr       0%         N/A       100%        6
 Summon Cactus Giant      Summ           0%         N/A       100%        6


Dungeon Overview and Level Annotations

Branches:
Dungeon (4/15)             Temple (1/1) D:4

Altars:
Ashenzari
Cheibriados
Dithmenos
Elyvilon
Fedhas
Gozag
Hepliaklqana
Kikubaaqudgha
Nemelex Xobeh
Okawaru
Qazlal
Ru
Sif Muna
Trog
Uskayaw
Vehumet
Xom

Shops:
D:3 [

Annotations:
D:4 Grinder


Innate Abilities, Weirdness & Mutations

You are a hulking beast.
Your limbs bulge with bestial killing power. (Slay +2)
Your plain brown scales are hard. (AC +6)
You cannot fit into any form of body armour.
You are cold-blooded and may be slowed by cold attacks.


Message History

There is a staircase back to the Dungeon here.
Unknown command.
You hit the orc wizard but do no damage.
The orc wizard points at you and mumbles some strange words.
The puff of flame hits you! The wight hits you with a +3 hand axe.
You closely miss the orc wizard. You tail-slap the orc wizard.
The orc wizard is moderately wounded.
The orc wizard hits you with a +0 dagger.
The wight closely misses you.
Unknown command.
You hit the orc wizard.
The orc wizard is moderately wounded.
The orc wizard misses you.
Unknown command.
You hit the orc wizard but do no damage.
The orc wizard is moderately wounded.
The wight hits you with a +3 hand axe.
* * * LOW HITPOINT WARNING * * *
You feel drained.
* * * LOW HITPOINT WARNING * * *
Unknown command.
You closely miss the orc wizard. You punch the orc wizard.
The orc wizard is severely wounded.
The orc wizard closely misses you. The wight misses you.
Unknown command.
You hit the orc wizard.
The orc wizard is severely wounded.
The orc wizard hits you but does no damage.
The wight hits you with a +3 hand axe!
* * * LOW HITPOINT WARNING * * *
Unknown command.
You hit the orc wizard.
The orc wizard is almost dead.
The orc wizard hits you but does no damage.
The wight misses you.
You closely miss the orc wizard. You punch the orc wizard.
You kill the orc wizard!
Qazlal accepts your kill. The wight hits you with a +3 hand axe.
You die...

.................§§§........§....
............._....._.......§§....
......._................._.......
.................................
.................................
....⌠...........⌠...........⌠....
..........._........._...........
..._........................._...
................h[...............
≈..............)z†..............≈
≈≈.........................§§..≈≈
≈≈≈......_............._......≈≈≈
≈≈≈§............_..........§§≈≈≈≈
≈≈≈§≈.......................§≈≈≈≈
≈≈§≈≈≈.....................≈≈≈≈≈≈
≈≈≈≈≈≈≈....._...⌠..._.....§≈≈≈≈≈≈
≈≈§≈≈≈≈≈.................§≈≈≈≈≈≈≈


You could see a wight.

Vanquished Creatures
  A phantom (Temple)
  Jessica (D:3)
  An orc wizard (Temple)
  Robin (D:3)
  7 adders
  A dart slug (D:1)
  5 orcs
  7 endoplasms
  4 giant cockroaches
  15 goblins
  7 hobgoblins
  4 jackals (D:3)
  5 kobolds
  3 quokkas (D:2)
  6 ball pythons
  6 bats
  2 frilled lizards (D:1)
  3 rats
79 creatures vanquished.

Notes
Turn   | Place    | Note
-------+----------+-------------------------------------------
     0 | D:1      | timneilson the Draconian Shapeshifter began the quest for
                  | the Orb.
     0 | D:1      | Reached XP level 1. HP: 16/16 MP: 1/1
   152 | D:1      | Reached XP level 2. HP: 19/23 MP: 2/2
   907 | D:2      | Reached XP level 3. HP: 23/29 MP: 3/3
  1002 | D:2      | Found a faded altar of an unknown god.
  1442 | D:2      | Identified a scroll of acquirement
  1442 | D:2      | Acquired 906 gold pieces
  1580 | D:3      | Found a shimmering blue altar of Sif Muna.
  1639 | D:3      | Noticed Robin
  1669 | D:3      | Reached XP level 4. HP: 16/37 MP: 4/4
  1677 | D:3      | Killed Robin
  1828 | D:3      | Found Tuff's Antique Armour Boutique.
  2056 | D:3      | Noticed Jessica
  2064 | D:3      | Killed Jessica
  2364 | D:4      | Reached XP level 5. HP: 44/44 MP: 5/5
  2538 | D:4      | Noticed Grinder
  2540 | D:4      | Noticed a phantom
  2554 | D:4      | Found a staircase to the Ecumenical Temple.
  2560 | Temple   | Entered the Ecumenical Temple
  2572 | Temple   | Became a worshipper of Qazlal Stormbringer
  2690 | Temple   | Killed a phantom
  2713 | Temple   | HP: 2/44 [orc/+0 club (2)]
  2718 | Temple   | Reached XP level 6. HP: 3/50 MP: 6/6
  2895 | Temple   | HP: 2/48 [wight/+3 hand axe (11)]
  2897 | Temple   | Slain by a wight

Illustrated notes

Levels and vault maps discovered:
D:1:      dpeg_arrival_erosion, layout_loops_ring
D:2:      layout_basic, basic_ecumenical_altar
D:3:      layout_loops_cross, mainiacjoe_overflow_boulevard, serial_shops, shop,
          chequers_arboretum, uniq_robin, uniq_jessica
D:4:      layout_rooms, temple_green, portal_sewer_entry_e,
          chequers_serial_rivers_marsh, grunt_decor_mini_mirrors, st_stairs_5,
          kennysheep_generic_room_14, uniq_menkaure, uniq_grinder
Temple:   compressed_dpeg_triangle_lava_temple

Skill      XL: |  1  2  3  4  5 |
---------------+----------------+-----
Dodging        | 2 |  2.8
Fighting       | 2 3 |  3.5
Unarmed Combat | 4 |  4.3
Shapeshifting  | 4 |  4.1

Action                     |  1- 3 |  4- 6 || total
---------------------------+-------+-------++-------
  Melee: Unarmed           |   114 |   110 ||   224
         Tailslap          |    12 |     9 ||    21
         Punch             |       |     7 ||     7
    Use: Scroll            |     6 |     3 ||     9
         Potion            |       |     1 ||     1
   Stab: Sleeping          |     1 |       ||     1
 Armour: Skin              |    50 |    90 ||   140
  Dodge: Dodged            |    69 |    64 ||   133

Table legend: (Time is in decaauts)
 A = Elapsed time spent in this place.
 B = Non-inter-level travel time spent in this place.
 C = Inter-level travel time spent in this place.
 D = Time resting spent in this place.
 E = Time spent auto-exploring this place.
 F = Levels seen in this place.
 G = Mean time per level.
                   A        B        C        D        E       F      G
               +--------+--------+--------+--------+--------+-----+--------+
         Total |   2871 |   2843 |     28 |    357 |   1723 |   5 |  574.2 |
       Dungeon |   2550 |   2522 |     28 |    100 |   1723 |   4 |  637.5 |
        Temple |    320 |    320 |      0 |    257 |      0 |   1 |  320.0 |
               +--------+--------+--------+--------+--------+-----+--------+

Top non-repeatable levels by time:
     D:3: 869 daAuts
     D:2: 748 daAuts
     D:1: 718 daAuts
  Temple: 320 daAuts
     D:4: 214 daAuts
